 Dungeon Crawl Stone Soup version 0.28.0-1-gb440e238dd (webtiles) character file.

Game seed: 16239147959359788644

1 hawla the Conjurer (level 1, -1/10 HPs)
             Began as a Deep Elf Conjurer on Feb 26, 2022.
             Slain by a quokka (3 damage)
             ... on level 1 of the Dungeon.
             The game lasted 00:01:21 (60 turns).

hawla the Conjurer (Deep Elf Conjurer)                Turns: 60, Time: 00:01:22

Health: -1/10      AC:  2    Str:  4    XL:     1   Next: 16%
Magic:  4/6        EV: 12    Int: 22    God:
Gold:   0          SH:  0    Dex: 13    Spells: 5/6 levels left

rFire   . . .      SeeInvis .   (no weapon)
rCold   . . .      Faith    .   (no shield)
rNeg    . . .      Spirit   .   a - +0 robe
rPois   .          Reflect  .   (no helmet)
rElec   .          Harm     .   (no cloak)
rCorr   .          Rampage  .   (no gloves)
Will    .....                   (no boots)
Stlth   ++........              (no amulet)
HPRegen 0.03/turn               (no ring)
MPRegen 0.10/turn               (no ring)

@: no status effects
A: no striking features
a: no special abilities


You were on level 1 of the Dungeon.
You visited 1 branch of the dungeon, and saw 1 of its levels.

Inventory:

Missiles
 b - a poisoned dart (quivered)
Armour
 a - a +0 robe (worn)


   Skills:
 + Level 2.6 Dodging
 + Level 2.4 Stealth
 + Level 3.0 Spellcasting
 + Level 4.3 Conjurations


You had 5 spell levels left.
You knew the following spells:

 Your Spells              Type           Power      Damage    Failure   Level
a - Magic Dart            Conj           88%        1d7       1%          1

Your spell library contained the following spells:

 Spells                   Type           Power      Damage    Failure   Level
 Searing Ray              Conj           44%        2d6       3%          2
 Dazzling Flash           Conj/Hex       24%        N/A       16%         3
 Fulminant Prism          Conj/Hex       6%         3d7       45%         4
 Iskenderun's Mystic Bla  Conj/Tloc      12%        2d5       45%         4


Dungeon Overview and Level Annotations

Branches:
Dungeon (1/15)

Altars:


Message History

Throw: 2 darts (poison)
Press: ? - help, Q - select action, (/) - cycle Shift-Dir - straight line, f/p - frilled lizard
Aim: a frilled lizard (heavily wounded, poisoned, 35% to hit)
You throw a poisoned dart.
The poisoned dart hits the frilled lizard.
The frilled lizard looks even sicker.
The frilled lizard is heavily wounded.
The kobold shouts!
Casting: Magic Dart (safe; 1% risk of failure)
Confirm with . or Enter, or press ? or * to list all spells.
Aiming: Magic Dart (safe; 1% risk of failure)
Press: ? - help, Shift-Dir - straight line, f/p - frilled lizard
Aim: a frilled lizard (very poisoned, 100% to hit)
Okay, then.
You closely miss the frilled lizard. The frilled lizard barely misses you.
You closely miss the frilled lizard.
You kill the frilled lizard!
A rat comes into view.
The kobold hits you with a +0 whip.
Ouch! That really hurt!
The kobold throws a stone.
The stone barely misses you.
Casting: Magic Dart (safe; 1% risk of failure)
Confirm with . or Enter, or press ? or * to list all spells.
Aiming: Magic Dart (safe; 1% risk of failure)
Press: ? - help, Shift-Dir - straight line, f - kobold
Aim: a kobold, wielding a +0 whip and quivering stones (100% to hit)
The magic dart hits the kobold.
You kill the kobold!
Casting: Magic Dart (safe; 1% risk of failure)
Confirm with . or Enter, or press ? or * to list all spells.
Aiming: Magic Dart (safe; 1% risk of failure)
Press: ? - help, Shift-Dir - straight line, f - quokka
Aim: a quokka (100% to hit)
The magic dart hits the quokka.
The quokka is heavily wounded.
The quokka bites you.
* * * LOW HITPOINT WARNING * * *
The rat twitches its whiskers.
The quokka bites you.
You die...

. ..# ######
#...#### #....##
#....####....##
###...........# .
###r@##.#####...##
....####r.##..##
###..#
....(.).#######
###.# ..(...###
####...# ...#.
###.....## . #
###......##
###........#
####.........##
###.......#....#


You could see a quokka and a rat.

Vanquished Creatures
  A frilled lizard (D:1)
  A kobold (D:1)
2 creatures vanquished.

Notes
Turn   | Place    | Note
-------+----------+-------------------------------------------
     0 | D:1      | hawla the Deep Elf Conjurer began the quest for the Orb.
     0 | D:1      | Reached XP level 1. HP: 10/10 MP: 6/6
    60 | D:1      | Slain by a quokka

Illustrated notes

Levels and vault maps discovered:
D:1:      dpeg_arrival_arbitrary_a, layout_loops_cross,
          ebering_ecumenical_altar_hall

Action                   || total
-------------------------++-------
Melee: Unarmed           ||     2
Throw: Dart              ||     2
 Cast: Magic Dart        ||     2
Dodge: Dodged            ||     2
